Cogmind - Beta 16.1 @@@ ROGUE MODE // 2026.02.28 @ 20:12:40 Player: UniqueName Result: Destroyed by IW-9S9(R) with Subdweller Beam Cannon Performance ------------- Evolutions (0) 0 Regions Visited (3) 600 Robots Destroyed (15) 75 Value Destroyed (453) 453 Prototype IDs (13) 260 Alien Tech Used (0) 0 Bonus (0) 0 TOTAL SCORE: 1388 Bonus ------- None Cogmind --------- Core Integrity 0/250 Matter 104/300 Energy 250/250 System Corruption 0% Temperature Cool (9) Movement Rolling (110) Location -10/Subcaves Parts ------- > --- POWER (1) -------- Ion Engine > --- PROPULSION (2) --- Subdweller Monowheel Subdweller Monowheel > --- UTILITY (2) ------ Small Storage Unit Signal Interpreter > --- WEAPON (2) ------- Barrage Gun Barrage Gun > --- INVENTORY (8) ---- Tower Shield Grenade Launcher 1B-0RG's Assimilator Peak State ------------ > --- POWER ------------ Ion Engine > --- PROPULSION ------- Subdweller Monowheel Subdweller Monowheel > --- UTILITY ---------- Small Storage Unit Signal Interpreter > --- WEAPON ----------- Barrage Gun Barrage Gun > --- INVENTORY -------- Tower Shield Grenade Launcher 1B-0RG's Assimilator [Rating: 21] Favorites ----------- Power Light Ion Engine Engine Light Ion Engine Propulsion Aluminum Leg Treads Light Treads Leg Aluminum Leg Wheel Subdweller Monowheel Utility Small Storage Unit Device Sensor Array Storage Small Storage Unit Processor Signal Interpreter Weapon Barrage Gun Energy Gun EM Pulse Gun Ballistic Gun Barrage Gun Launcher Grenade Launcher Build | -11 -10 -10 -10 ------- Run | Yrd Mat Min Sub Slots Evolved . | . . . . Power . | . . . . Propulsion . | . . . . Utility . | . . . . Weapon . | . . . . Parts Attached 26 | 6 2 10 8 Power 4 | 1 . 1 2 Engine 4 | 1 . 1 2 Core . | . . . . Reactor . | . . . . Propulsion 11 | 2 . 5 4 Treads 2 | 2 . . . Leg 7 | . . 5 2 Wheel 2 | . . . 2 Hover . | . . . . Flight . | . . . . Utility 3 | 1 1 1 . Device 1 | . 1 . . Storage 1 | 1 . . . Processor 1 | . . 1 . Hackware . | . . . . Protection . | . . . . Artifact . | . . . . Weapon 8 | 2 1 3 2 Energy Gun 1 | 1 . . . Energy Cannon . | . . . . Ballistic Gun 6 | 1 1 2 2 Ballistic Cannon . | . . . . Launcher 1 | . . 1 . Special Weapon . | . . . . Impact Weapon . | . . . . Slashing Weapon . | . . . . Piercing Weapon . | . . . . Special Melee Weapon . | . . . . Unidentified Prototypes . | . . . . Parts Lost 6 | . 1 4 1 Power 2 | . . 1 1 Propulsion 1 | . . 1 . Utility . | . . . . Weapon 3 | . 1 2 . Highest Loss Streak 3 | . 1 3 1 To Critical Strikes 1 | . . 1 . Average Backups 6 | 3 6 7 7 Power . | . 1 1 . Propulsion 2 | 1 2 2 3 Utility . | . . 1 . Weapon 2 | . 2 2 2 Tool/Special . | . . . . Unused Backups 5 | . . 1 4 Power . | . . . . Propulsion 1 | . . 1 . Utility 1 | . . . 1 Weapon 2 | . . . 2 Tool/Special 1 | . . . 1 Average Slot Usage (%) 89 | . 98 93 84 Engine 6 | . 14 9 2 Treads 4 | . 28 2 . Leg 21 | . . 24 24 Wheel 2 | . . . 3 Device 2 | . 13 2 . Storage 14 | . 14 14 14 Processor 11 | . . 11 14 Energy Gun 1 | . 8 . . Ballistic Gun 22 | . 19 22 23 Launcher 2 | . . 4 2 Peak Build Rating 21 | 6 7 7 21 Average Rating 8 | 4 6 6 10 On Entrance 4 | . 6 7 5 Avg Prop Armor Cover (%) . | . . . . Naked Turns . | . . . . Heaviest Build 16 | 12 13 12 16 Greatest Support 40 | 40 40 40 40 Greatest Overweight (x) 1 | . . 1 . Average Overweight (x) . | . . . . Largest Inventory Capacity 8 | 8 8 8 8 Average Capacity 7 | 7 8 8 8 Most Carried 8 | 5 8 8 8 Average Carried 7 | 3 6 7 7 Final Capacity 8 | 8 8 8 8 Final Carried 8 | 4 8 7 8 Class Distribution -------------------- 80% | Mutant 19% | Scavenger-Mutant Dominant Class ---------------- Mutant | -10/Materials Scavenger-Mutant | -10/Mines Mutant | -10/Subcaves Resources | -11 -10 -10 -10 ----------- Run | Yrd Mat Min Sub Matter Collected 714 | 237 68 248 161 Remotely . | . . . . Salvage Created 458 | . 120 216 122 Parts 32 | . 8 17 7 Haulers Intercepted . | . . . . Recyclers Shooed . | . . . . Parts Field Recycled . | . . . . Retrieved Matter . | . . . . Parts Self-Destructed 6 | . . . 6 Prevented . | . . . . Parts Restored . | . . . . Kills | -11 -10 -10 -10 ------- Run | Yrd Mat Min Sub Combat Hostiles Destroyed 19 | . 5 11 3 Guns 18 | . 5 10 3 AOE 1 | . . 1 . Classes Destroyed 5 | . 2 2 1 Swarmer 5 | . 3 2 . Grunt 6 | . 2 4 . Demolisher 1 | . . 1 . Subdweller 3 | . . . 3 Assembled 4 | . . 4 . Best Kill Streak 5 | . 5 4 2 Combat Bots Only 5 | . 5 4 2 Max Kills in Single Turn 1 | . 1 1 1 Gunslinging . | . . . . Exploded 1 | . . 1 . Melee . | . . . . Uniques/NPCs Destroyed . | . . . . Combat | -11 -10 -10 -10 -------- Run | Yrd Mat Min Sub Hostile Shots Fired 132 | . 30 75 27 Missed 43 | . 10 22 11 Hits 89 | . 20 53 16 Melee 3 | . . 3 . Projectile 86 | . 20 50 16 AOE 3 | . . 3 . Critical Strikes 1 | . . 1 . Damage Taken 1275 | . 188 757 330 Core 252 | . 30 138 84 Absorbed by Shields . | . . . . Core Remaining (%) 100 | 100 . . . Volleys Fired 73 | . 10 37 26 Largest 2 | . 2 2 2 Hottest 60 | . 60 50 56 Shots Fired 130 | . 19 66 45 Gun 119 | . 19 62 38 Cannon . | . . . . Launcher 11 | . . 4 7 Special . | . . . . Kinetic 110 | . 10 62 38 Thermal . | . . . . Explosive 11 | . . 4 7 Electromagnetic 9 | . 9 . . Robot Hit Streak 13 | . 6 13 11 Robot Miss Streak 4 | . 2 4 2 Penetration Max . | . . . . Secondary Targets 4 | . 2 1 1 Max Gunslinging Chain 1 | . 1 1 1 Shots Hit Robots 82 | . 11 49 22 Core Hits 39 | . 6 28 5 Critical Kills . | . . . . Critical Parts Destroyed 1 | . . 1 . Critical Strikes 1 | . . 1 . Destroy 1 | . . 1 . Melee Attacks . | . . . . Impact . | . . . . Slashing . | . . . . Piercing . | . . . . Sneak Attacks . | . . . . Combat Hostiles . | . . . . Follow-up Attacks . | . . . . Damage Inflicted 1290 | . 161 744 385 Guns 1022 | . 161 476 385 Cannons . | . . . . Explosions 268 | . . 268 . Melee . | . . . . Ramming . | . . . . Kinetic 941 | . 80 476 385 Thermal . | . . . . Explosive 268 | . . 268 . Electromagnetic 81 | . 81 . . Impact . | . . . . Slashing . | . . . . Piercing . | . . . . Highest Corruption . | . . . . Average Corruption . | . . . . Corruption Purged . | . . . . Corruption Blocked . | . . . . Overload Shots . | . . . . Overflow Damage 7 | . . 7 . Projectiles . | . . . . Explosions 7 | . . 7 . Melee . | . . . . Knockbacks . | . . . . Impact . | . . . . Kinetic . | . . . . Secondary . | . . . . Self-Inflicted Damage 7 | . . . 7 Shots 1 | . . . 1 Rammed . | . . . . Targets Rammed . | . . . . Kicked . | . . . . Crushed . | . . . . Highest Temperature 22 | . 18 22 . Average Temperature 10 | . 11 10 . Received Heat Transfer 269 | . 36 188 45 Siege Activations . | . . . . Martial Activations . | . . . . Shielding Activations . | . . . . Robots Disrupted . | . . . . Combat Hostiles . | . . . . Robots Corrupted . | . . . . Combat Hostiles . | . . . . Parts Fried . | . . . . Impact Corruptions . | . . . . Robots Melted . | . . . . Combat Hostiles . | . . . . Parts Melted . | . . . . Heat Transferred . | . . . . Parts Sabotaged . | . . . . Parts Stolen . | . . . . Parts Stripped . | . . . . Power Chain Reactions . | . . . . Alert | -11 -10 -10 -10 ------- Run | Yrd Mat Min Sub Maximum Alert Level . | . . . . Low Security (%) 100 | 100 100 100 . Level 1 . | . . . . Level 2 . | . . . . Level 3 . | . . . . Level 4 . | . . . . Level 5 . | . . . . High Security . | . . . . Max Security . | . . . . Peak Influence 95 | . 90 95 . Initial 15 | . . 15 . Average 25 | . 31 25 . Influence Increases 329 | . 120 209 . Destroy 0b10 Robot/C 240 | . 100 140 . Destroy Leader 60 | . 20 40 . Destroy Structure 14 | . . 14 . Lose Combat Pursuer 15 | . . 15 . Influence Decreases 329 | . 80 249 . Entered New Map 25 | . . 25 . Time Decay 284 | . 70 214 . Lost Part 20 | . 10 10 . Squads Dispatched 2 | . 2 . . Investigation . | . . . . Extermination . | . . . . Reinforcement 2 | . 2 . . Assault . | . . . . Garrison . | . . . . Intercept . | . . . . Searches Triggered . | . . . . Construction Impeded . | . . . . Haulers Reinforced . | . . . . Active Scanning Responses . | . . . . Cargo Convoy Interrupts . | . . . . Stealth | -11 -10 -10 -10 --------- Run | Yrd Mat Min Sub Distress Signals 1 | . 1 . . Communications Jammed . | . . . . Distress Signals . | . . . . Times Spotted 45 | . 8 32 5 Peak Tracking Total 12 | . 5 12 2 Tactical Retreats 3 | . . 3 . Traps | -11 -10 -10 -10 ------- Run | Yrd Mat Min Sub Traps Triggered . | . . . . Indirectly . | . . . . Trap Hack Attempts . | . . . . Triggered . | . . . . Disarmed . | . . . . Reprogrammed . | . . . . Reused . | . . . . Traps Extracted . | . . . . Installed . | . . . . Triggered . | . . . . Machines | -11 -10 -10 -10 ---------- Run | Yrd Mat Min Sub Machines Disabled 2 | . . . 2 Max in Single Turn 2 | . . . 2 Machines Repaired . | . . . . Machines Dismantled . | . . . . Machines Sabotaged . | . . . . Overloaded Fab Kills . | . . . . Hacking | -11 -10 -10 -10 --------- Run | Yrd Mat Min Sub Machines Accessed 1 | . . . 1 Terminals . | . . . . Fabricators . | . . . . Repair Stations . | . . . . Recycling Units . | . . . . Scanalyzers . | . . . . Garrison Access . | . . . . Total Hacks 1 | . . . 1 Successful 1 | . . . 1 Failed . | . . . . Catastrophic . | . . . . Database Lockouts . | . . . . Manual . | . . . . Terminals . | . . . . Fabricators . | . . . . Repair Stations . | . . . . Recycling Units . | . . . . Scanalyzers . | . . . . Garrison Access . | . . . . Terminal Hacks 1 | . . . 1 Proto ID Catalog 1 | . . . 1 Fabricator Hacks . | . . . . Repair Station Hacks . | . . . . Recycling Unit Hacks . | . . . . Scanalyzer . | . . . . Garrison Access Hacks . | . . . . Unauthorized Hacks . | . . . . Terminals . | . . . . Fabricators . | . . . . Repair Stations . | . . . . Recycling Units . | . . . . Scanalyzers . | . . . . Garrison Access . | . . . . Data Cores Recovered . | . . . . Used . | . . . . Hacking Detections . | . . . . Full Trace Events . | . . . . Feedback Events . | . . . . Feedback Blocked . | . . . . Robot Schematics Acquired . | . . . . Robots Built . | . . . . Authchips . | . . . . Time . | . . . . Total Robot Build Rating . | . . . . Part Schematics Acquired . | . . . . Parts Built . | . . . . Authchips . | . . . . Time . | . . . . Total Part Build Rating . | . . . . Part Studies Acquired . | . . . . Parts Repaired . | . . . . Time . | . . . . Parts Recycled . | . . . . Recycled Matter . | . . . . Retrieved Matter . | . . . . Retrieved Components . | . . . . Parts Scanalyzed . | . . . . Part Schematics Acquired . | . . . . Parts Damaged . | . . . . Bothacking | -11 -10 -10 -10 ------------ Run | Yrd Mat Min Sub Used RIF Installer . | . . . . Robots Hacked . | . . . . Non-combat . | . . . . Combat . | . . . . Robot Hacks Applied . | . . . . Relay Couplers Released . | . . . . Fabnet Peak Effective % . | . . . . Robots Rewired . | . . . . Allies Hacked . | . . . . Hacks Repelled . | . . . . Allies | -11 -10 -10 -10 -------- Run | Yrd Mat Min Sub Total Allies 3 | . . 3 . Largest Group 3 | . . 3 . Highest-Rated Group 40 | . . 40 . Highest-Rated Ally 16 | . . 16 . Total Orders . | . . . . Ally Attacks 9 | . . 9 . Total Damage . | . . . . Kills . | . . . . Allies Corrupted . | . . . . Allies Melted . | . . . . Intel | -11 -10 -10 -10 ------- Run | Yrd Mat Min Sub Active Infowar (turns) 404 | . 263 141 . Sensors 404 | . 263 141 . Robot Analysis Total . | . . . . Derelict Logs Recovered 2 | . . 2 . Drone Launches . | . . . . Drone Recoveries . | . . . . Exploration | -11 -10 -10 -10 ------------- Run | Yrd Mat Min Sub Turns Passed 2131 | 68 279 734 1050 Spaces Moved 1423 | 45 148 479 751 Core 17 | 17 . . . Treads 184 | 28 148 8 . Legs 1101 | . . 471 630 Wheels 121 | . . . 121 Hover . | . . . . Flight . | . . . . Fastest Speed 50 | 50 160 120 110 Average Speed 124 | 118 160 122 118 Slowest Speed 190 | 160 160 190 120 Overloaded Moves . | . . . . Propulsion Burnouts . | . . . . Robots Hopped . | . . . . Potential Cave-ins . | . . . . Cave-ins Triggered . | . . . . Exploration Rate (%) 35 | 3 22 76 39 Regions Visited 3 Branch Regions 2 Pre-discovered Areas . | . . . . Known Exits Taken 1 | . . 1 . Unknown Exits Taken 2 | 1 1 . . Scrap Searched 1 | . . 1 . Spaces Dug . | . . . . Terrain Destroyed 43 | . . 22 21 Melee . | . . . . Projectile . | . . . . AOE 43 | . . 22 21 Terrain Rammed . | . . . . Walls Destroyed . | . . . . Machines Disabled . | . . . . Actions | -11 -10 -10 -10 --------- Run | Yrd Mat Min Sub Total 1667 | 58 170 570 869 Wait 105 | . 7 34 64 Move 1420 | 44 147 478 751 Hop . | . . . . Pick Up 18 | 7 4 2 5 Fast Attach 11 | 4 2 3 2 Attach 6 | 2 . 3 1 Detach 1 | . . 1 . Swap 15 | . . 4 11 Drop 18 | 1 . 8 9 Fire 73 | . 10 37 26 Melee . | . . . . Ram . | . . . . Kick . | . . . . Crush . | . . . . Escape Stasis . | . . . . Rewire . | . . . . Trap . | . . . . Miscellaneous . | . . . . Route ------- -11/Scrapyard -10/Materials -10/Mines (discovered 3 exits: *Mat x2 / *Sub) -10/Subcaves History --------- Turn | Location | Event 8 | -11/Scrapyard | Discovered new exit (range 14) 69 | -11/Scrapyard | Entered Materials 313 | -10/Materials | Build established: Mutant 327 | -10/Materials | Discovered new exit (range 12) 348 | -10/Materials | Entered Mines 479 | -10/Mines | Discovered new exit (range 7) 490 | -10/Mines | Identified exit to Materials 610 | -10/Mines | Discovered exit to Materials (range 8) 697 | -10/Mines | Learned Materials emergency access door positions 718 | -10/Mines | Assisted by bots powering up and referring to "LRC-V3" 774 | -10/Mines | Assembled infested the area 817 | -10/Mines | Core integrity fell below 50% 845 | -10/Mines | Lost 3 allies 859 | -10/Mines | Lost 3 parts (1p2w) 864 | -10/Mines | Learned location of 1 exit from Materials 976 | -10/Mines | Found a hidden stash of uninstalled traps 1075 | -10/Mines | Discovered new exit (range 4) 1080 | -10/Mines | Identified exit to Subcaves 1082 | -10/Mines | Entered Subcaves 1490 | -10/Subcaves | Shifting Twisted Machinery released Sub. Monowheel 1522 | -10/Subcaves | A swath of the cavern ceiling suddenly collapsed 1552 | -10/Subcaves | Shifting Twisted Machinery released Riot Gun 1649 | -10/Subcaves | Core integrity fell below 20% 1968 | -10/Subcaves | Visited 4L-MR0's lab 2016 | -10/Subcaves | Found Prototype Special Melee Weapon 2036 | -10/Subcaves | Found Tower Shield 2132 | -10/Subcaves | Destroyed by IW-9S9(R) with Subdweller Beam Cannon Last Messages --------------- Flightbrick Gun Armor Tower Shield Power Bank Rainbow Chip Procsplitter VL-GR5's Exoskeleton "Deathgrip" Powered Cannon 01982_ Dropped Aluminum Leg. 02001_ Dropped Sensor Array. 02005_ 4L-MR0 mumbles: "Who knows where that last prototype ended up, probably tossed aside somewhere as if it were useless junk..." 02016_ Acquired Prototype Special Melee Weapon. 02025_ Testing Chamber breached. 02025_ Machine disabled. 02036_ Dropped Flamer. 02036_ Acquired Tower Shield. 02043_ 4L-MR0: "Uhh... I didn't see nothing, but you'd better hope DW-4LL doesn't find out you took that." 02051_ Subatomizers dissect the Aluminum Leg. Map ----- +----------------------------------------------------+ | ?????????????????????????????????????????????????? | | ?????????????????????????????????????????????????? | | ?????????????????????????????????????????????????? | | ?????????????????????????????????????????????????? | | ?????????????????????????????????????????????????? | | ?????????????????????????????????????????????????? | | ?????????????????????????????????????????????????? | | ?????????????????????????????????????????????????? | | ?????????????????????????????????#####???????????? | | ????????????????????????????????##"""##########??? | | ????????????????????????????????# """##"" | #??? | | ????????????????????????????????#"""""# == ###??? | | ????????????????????????????????# != X "#??? | | ???????????????????????????????## = "#""""" "#??? | | ????????????????????????????????# #########??# | | ????????????????????????????????#" ##?????????# | | ???????????????????????????????##"" #####????## | | ???????????????????????????????# " #????# | | ???????????????????????????????## " ##??### | | ?????????????????????#####??????### ^ ## "#??# | | ?????????????????##### ##############" #### | | ???????????# ##?## ### " ## | | ??????????## # | | ??????????# ### | | ??????????# R ###?## | | ?????????# # ## @## #????## | | ????????# #?# #?## #### #?????# | | ?????? ???# ???#### #### #?????## | | ?????? ???? ???##### ## ## #??????# | | ??????# ????? ??## ## #?????? | | ??????? ????? ???# ## #?????? | | ????????????###???# # ##?????? | | ??????????????????# #####??????? | | ??????????????????# ### ###### #####??????????? | | ??????????????????###??#####????###??????????????? | | ?????????????????????????????????????????????????? | | ?????????????????????????????????????????????????? | | ?????????????????????????????????????????????????? | | ?????????????????????????????????????????????????? | | ?????????????????????????????????????????????????? | | ?????????????????????????????????????????????????? | | ?????????????????????????????????????????????????? | | ?????????????????????????????????????????????????? | | ?????????????????????????????????????????????????? | | ?????????????????????????????????????????????????? | | ?????????????????????????????????????????????????? | | ?????????????????????????????????????????????????? | | ?????????????????????????????????????????????????? | | ?????????????????????????????????????????????????? | | | +----------------------------------------------------+ Best States ------------- Heat Dissipation 25 Energy Generation 15 Energy Capacity 250 Matter Stores 300 Matter Capacity 300 Sight Range 16 Robot Scan Range 14 Terrain Scan Density 10 Evasion (%) 55 Recoil Reduction 2 Item Schematics ----------------- None Robot Schematics ------------------ None Fabricated ------------ Nothing Repaired ---------- Nothing Studied --------- None Alien Tech Used ----------------- None Achievements -------------- Mistaken Identity Challenges ------------ None Game ------ Seed PlatingIntegratedSword Manual? 0 Play Time 00:15:53 Cumulative 27.8 hours Start 2026.02.28 @ 19:57:57 End 2026.02.28 @ 20:12:40 Sessions 1 Manual Loads 0 Difficulty Rogue Special Mode None Game No. 31 Rogue 31 Adventurer 0 Explorer 0 Win Type - Total 0 Types 0/0/0/0/0/0/0/0/0/0 Lore% 22 Gallery% 27 Achievement% 26 Wizard Run 0 Options --------- Layout 0 ASCII 0 Keyboard 0 Movement Arrows Keybinds 0 Fullscreen 1 Font 18/SmallcapsGlow Map View 76x50 Zoom Use 0% Tactical HUD 1 Map Filters NONE Filters NONE Steam 1 RUN: 53717827-6ca5-48d3-875e-63e8d8293492